 Dungeon Crawl Stone Soup version 0.25-a0-657-ge95d391c20 (webtiles) character file.

Game seed: 7471107871745832010, levelgen mode: deterministic

2523 lemonriz the Covert (level 9, -11/39 HPs)
             Began as a Spriggan Enchanter on Mar 22, 2020.
             Was a Believer of Dithmenos.
             Mangled by a manticore (12 damage)
             ... on level 7 of the Dungeon.
             The game lasted 00:19:28 (8002 turns).

lemonriz the Covert (Spriggan Enchanter)            Turns: 8002, Time: 00:19:29

Health: -11/39     AC:  2    Str:  4    XL:     9   Next: 29%
Magic:  16/16      EV: 21    Int: 19    God:    Dithmenos [**....]
Gold:   435        SH:  0    Dex: 17    Spells: 7/17 levels left

rFire    . . .     SeeInvis +   r - +1 dagger (venom)
rCold    . . .     Gourm    .   (shield restricted)
rNeg     . . .     Faith    .   b - +0 robe
rPois    .         Spirit   .   (helmet restricted)
rElec    .         Reflect  .   (no cloak)
rCorr    .         Harm     .   (gloves unavailable)
MR       +....     Rnd*Tele +   (boots unavailable)
Stlth    +++++++...             (no amulet)
HPRegen  0.13/turn              t - ring of teleportation (curse)
MPRegen  0.15/turn              (no ring)

@: about to teleport, stab, wreathed by umbra, lightly drained, very quick
A: very small, unfitting armour, see invisible, herbivore, speed 3, slow
metabolism 2
a: Shadow Step, Renounce Religion


You were on level 7 of the Dungeon.
You worshipped Dithmenos.
Dithmenos was pleased with you.
You were not hungry.

You visited 2 branches of the dungeon, and saw 8 of its levels.

You collected 435 gold pieces.

Inventory:

Hand Weapons
 m - a +0 dagger of speed
 r - a +1 dagger of venom (weapon)
 v - a +2 rapier of protection
Missiles
 f - 12 boomerangs (quivered)
 y - 3 datura-tipped darts
Armour
 b - a +0 robe (worn)
Jewellery
 t - a cursed ring of teleportation (left hand)
 z - an uncursed amulet of the acrobat {unknown}
Wands
 k - a wand of polymorph (8)
 p - a wand of acid (22)
Scrolls
 e - a scroll of amnesia {unknown}
 g - a scroll of magic mapping
 h - 6 scrolls of remove curse {unknown}
 j - 5 scrolls of identify
 l - a scroll of fog {unknown}
 o - a scroll of blinking {unknown}
 q - 2 scrolls of enchant weapon
 s - 5 scrolls of teleportation
 w - a scroll of enchant armour {unknown}
 A - 2 scrolls of noise {unknown}
Potions
 a - 2 potions of might
 c - 3 potions of curing
 i - 2 potions of brilliance
 n - 2 potions of magic
 u - 3 potions of heal wounds
 B - a potion of flight {unknown}
 C - a potion of lignification
Comestibles
 d - 9 rations


   Skills:
 + Level 6.6(6.3) Short Blades
 + Level 5.6(5.3) Dodging
 * Level 13.5(13.1) Stealth
 - Level 4.5(4.2) Spellcasting
 + Level 0.3(0.1) Conjurations
 - Level 7.0(6.7) Hexes


You had 7 spell levels left.
You knew the following spells:

 Your Spells              Type           Power        Failure   Level  Hunger
a - Corona                Hex            ####...      1%          1    None
b - Confusing Touch       Hex            ####....     2%          3    ###....
c - Tukima's Dance        Hex            ####....     2%          3    ###....
d - Dazzling Flash        Conj/Hex       ###...       10%         3    ###....

Your spell library contained the following spells:

 Spells                   Type           Power        Failure   Level  Hunger
 Ensorcelled Hibernation  Hex/Ice        ###...       5%          2    #......
 Inner Flame              Hex/Fire       ###.....     11%         3    ###....
 Foxfire                  Conj/Fire      #...         13%         1    None
 Conjure Flame            Conj/Fire      #.......     36%         3    ###....
 Sticky Flame             Conj/Fire      #.......     78%         4    ####...
 Fireball                 Conj/Fire      #.........   98%         5    ######.


Dungeon Overview and Level Annotations

Branches:
Dungeon (7/15)             Temple (1/1) D:5

Altars:
Ashenzari
Dithmenos
Hepliaklqana
Ru
Trog
Xom
The Shining One

Shops:
D:4 *

Portals:
Abyss: D:3

Annotations:
D:3 2 transporters, bmj180's ghost, amateur HaHu
D:7 4 runed translucent doors


Innate Abilities, Weirdness & Mutations

You are very small and have problems with some larger weapons.
You are too small for most types of armour.
You have supernaturally acute eyesight. (SInv)
You are a herbivore.
You cover ground extremely quickly.
You need to consume almost no food.


Message History

The polar bear barely misses you. The polar bear completely misses you.
The polar bear claws you. The polar bear completely misses you.
The black bear misses you. The black bear claws you. x2
The yak bellows!
You hit the polar bear but do no damage.
The polar bear is poisoned.
The polar bear barely misses you. x4
The polar bear misses you. x2
It was a potion of stabbing.
You feel ready to backstab. The polar bear bites you!
* * * LOW HITPOINT WARNING * * *
The polar bear misses you. The polar bear barely misses you.
The black bear bites you.
* * * LOW HITPOINT WARNING * * *
The black bear claws you but does no damage.
The black bear barely misses you. The polar bear completely misses you.
The polar bear claws you but does no damage.
The polar bear completely misses you. The manticore misses you.
The manticore closely misses you. The manticore claws you!
You die...

#. ##################.
##..........#....... #
#.............####..
#.###...................
#.....###++++###.#####.#
####.##hHHY....#.......#
#.##hHh.h...#.#######
#..#@hHh....#........
##.#hhhhh...#########
#.#hY......# #.....
#.#############.....
#.#########.).......
#............###....
#########..).# #....
##########.[...# #....
#..............# #....


You could see 3 manticores, 5 polar bears, a hippogriff, a yak, a hog, 4 black
bears, a dream sheep and 2 hounds.

Vanquished Creatures
  A two-headed ogre (D:6)
  Sigmund (D:5)
  An orc warrior (D:6)
  A necrophage (D:7)
  A phantom (D:6)
  An ogre (D:5)
  Blork the orc (D:6)
  A gnoll sergeant (D:7)
  2 scorpions (D:7)
  A water moccasin skeleton (D:7)
  7 wights
  A crimson imp (D:6)
  A hound (D:5)
  4 orc priests
  2 jellies (D:6)
  A gnoll shaman (D:7)
  A bullfrog skeleton (D:6)
  4 orc wizards
  2 worker ants
  A hound skeleton (D:6)
  6 adders
  12 gnolls
  An adder skeleton (D:4)
  An adder zombie (D:6)
  3 worms
  2 dart slugs (D:2)
  4 leopard geckos
  21 orcs
  3 giant cockroaches
  8 goblins
  6 hobgoblins
  11 jackals
  3 quokkas
  9 bats
  6 frilled lizards
  5 kobolds
  14 rats
150 creatures vanquished.

Vanquished Creatures (collateral kills)
  3 wights (D:6)
  An orc wizard (D:4)
  A gnoll (D:7)
5 creatures vanquished.

Vanquished Creatures (others)
  14 dancing weapons
14 creatures vanquished.

Grand Total: 169 creatures vanquished

Notes
Turn   | Place    | Note
-------+----------+-------------------------------------------
     0 | D:1      | lemonriz the Spriggan Enchanter began the quest for the
                  | Orb.
     0 | D:1      | Reached XP level 1. HP: 9/9 MP: 5/5
   222 | D:1      | Reached XP level 2. HP: 9/13 MP: 6/6
   223 | D:1      | Reached skill level 5 in Stealth
   884 | D:1      | Reached XP level 3. HP: 16/16 MP: 8/8
  1008 | D:2      | Learned a level 3 spell: Confusing Touch
  1012 | D:2      | Learned a level 3 spell: Tukima's Dance
  1039 | D:2      | Reached skill level 6 in Stealth
  1106 | D:2      | Reached XP level 4. HP: 19/21 MP: 9/9
  1795 | D:3      | Noticed a small abomination
  1870 | D:3      | Reached skill level 7 in Stealth
  1870 | D:3      | Reached XP level 5. HP: 5/24 MP: 7/10
  2706 | D:3      | Found a transporter.
  2711 | D:3      | Found a transporter.
  2718 | D:3      | Found a one-way gate to the infinite horrors of the Abyss.
  2718 | D:3      | Noticed bmj180's ghost (amateur HaHu)
  2724 | D:3      | Identified the cursed +1 dagger "Lyunes" {distort, rF+
                  | Str+4}
  2724 | D:3      | Noticed a small abomination
  2980 | D:4      | Found a bloodstained altar of Trog.
  3009 | D:4      | Found a hazy altar of Hepliaklqana.
  3234 | D:4      | Reached skill level 8 in Stealth
  3234 | D:4      | Reached skill level 5 in Hexes
  3284 | D:4      | Reached XP level 6. HP: 11/28 MP: 3/11
  3670 | D:4      | Found Cuemuibo's Lightly-Used Armoury.
  3890 | D:4      | Learned a level 3 spell: Dazzling Flash
  4283 | D:4      | Found a glowing golden altar of the Shining One.
  4562 | D:5      | Entered Level 5 of the Dungeon
  4571 | D:5      | Noticed Sigmund
  4711 | D:5      | Killed Sigmund
  4711 | D:5      | Reached skill level 9 in Stealth
  4711 | D:5      | Reached XP level 7. HP: 32/32 MP: 12/12
  4834 | D:5      | Found a shadowy altar of Dithmenos.
  4854 | D:5      | Became a worshipper of Dithmenos the Shadowed
  4967 | D:5      | Found a staircase to the Ecumenical Temple.
  5879 | D:6      | Noticed a two-headed ogre
  5885 | D:6      | Killed a two-headed ogre
  5885 | D:6      | Reached skill level 5 in Short Blades
  5885 | D:6      | Reached skill level 11 in Stealth
  5885 | D:6      | Reached XP level 8. HP: 20/36 MP: 12/15
  6117 | Temple   | Entered the Ecumenical Temple
  6306 | D:6      | Reached * piety under Dithmenos
  6306 | D:6      | Reached skill level 12 in Stealth
  6331 | D:6      | Found a faded altar of an unknown god.
  6331 | D:6      | Found a faded altar of an unknown god.
  6336 | D:6      | Found a sacrificial altar of Ru.
  6338 | D:6      | Found a shimmering altar of Xom.
  6339 | D:6      | Found a shattered altar of Ashenzari.
  6910 | D:6      | Reached XP level 9. HP: 28/39 MP: 8/16
  7058 | D:6      | Noticed Blork the orc
  7073 | D:6      | Killed Blork the orc
  7476 | D:7      | Reached skill level 5 in Dodging
  7476 | D:7      | Reached skill level 13 in Stealth
  7680 | D:7      | Found a huge runed translucent gate.
  7680 | D:7      | Found a huge runed translucent gate.
  7680 | D:7      | Found a huge runed translucent gate.
  7680 | D:7      | Found a huge runed translucent gate.
  7680 | D:7      | Noticed a polar bear
  7680 | D:7      | Noticed a polar bear
  7680 | D:7      | Noticed a manticore
  7680 | D:7      | Noticed a manticore
  7680 | D:7      | Noticed a polar bear
  7680 | D:7      | Noticed a manticore
  7680 | D:7      | Noticed a polar bear
  7680 | D:7      | Noticed a polar bear
  7899 | D:7      | Reached ** piety under Dithmenos
  8002 | D:7      | HP: 1/39 [black bear (5)]
  8002 | D:7      | Mangled by a manticore

Levels and vault maps discovered:
D:1:      minmay_arrival_four_loops, layout_basic
D:2:      layout_loops_ring, serial_park_tiny_pond, chequers_decorated_corner
D:3:      layout_basic, gammafunk_ghost_abyssal_escape, first_ration
D:4:      layout_basic, lemuel_crystal_altar, kennysheep_little_box,
          bloody_trog, minmay_shop_damaged, minmay_misc_feat_tower
D:5:      layout_basic, nicolae_dithmenos_through_a_glass_darkly,
          minmay_temple_entry_gardened_gates, uniq_sigmund
D:6:      layout_rooms, chequers_temple_overflow_minitemple,
          supply_closet_lemuel, uniq_blork_the_orc
D:7:      lemuel_bear_cage, layout_basic, vehumet_altar_wand_db
Temple:   minmay_temple_curvy_loop

Skill      XL: |  1  2  3  4  5  6  7  8  9 |
---------------+----------------------------+-----
Stealth        | 5 6 7 8 9 11 12 13 | 13.5
Hexes          | 4 5 6 7 |  7.0
Short Blades   | 2 3 4 5 6 |  6.6
Spellcasting   | 4 |  4.5
Dodging        | 4 5 |  5.6
Conjurations   | |  0.3

Action                   |  1- 3 |  4- 6 |  7- 9 || total
-------------------------+-------+-------+-------++-------
Melee: Short sword       |    95 |   123 |       ||   218
       Dagger            |    10 |    75 |   158 ||   243
       Rapier            |       |       |   141 ||   141
Throw: Boomerang         |     9 |       |     3 ||    12
 Cast: Corona            |     2 |     1 |       ||     3
       Confusing Touch   |       |     7 |     5 ||    12
       Tukima's Dance    |       |     6 |    21 ||    27
       Dazzling Flash    |       |       |     3 ||     3
  Use: Potion            |       |     4 |     1 ||     5
       Scroll            |       |     2 |     4 ||     6
 Stab: Sleeping          |    10 |    16 |    10 ||    36
       Distracted        |     1 |       |     1 ||     2
       Confused          |       |     4 |     4 ||     8
       Invisible         |       |       |     3 ||     3
  Eat: Ration            |       |     2 |     3 ||     5
Armor: Robe              |     7 |     7 |    18 ||    32
       Skin              |       |     3 |       ||     3
Dodge: Dodged            |    90 |    99 |   270 ||   459

Table legend:
 A = Non-vault XP
 B = Vault XP
 C = Vault XP percentage of total XP
 D = Non-vault monster count
 E = Vault monster count
 F = Vault count percentage of total count
                 A         B        C        D         E       F
            +---------+---------+-------+---------+---------+-------
      Total |    3291 |     314 |   8.7 |     153 |       2 |   1.3
            +---------+---------+-------+---------+---------+-------
        D:1 |      41 |       0 |   0.0 |      28 |       0 |   0.0
        D:2 |      88 |       0 |   0.0 |      29 |       0 |   0.0
        D:3 |     151 |       0 |   0.0 |      19 |       0 |   0.0
        D:4 |     237 |       0 |   0.0 |      16 |       0 |   0.0
        D:5 |     331 |     220 |  39.9 |      10 |       1 |   9.1
        D:6 |    1813 |      94 |   4.9 |      30 |       1 |   3.2
        D:7 |     630 |       0 |   0.0 |      21 |       0 |   0.0
            +---------+---------+-------+---------+---------+-------
